 Dungeon Crawl Stone Soup version bcrawl-1.28.5 (webtiles) character file.

Game seed: 2703154060782806048

123589 Anonimiaus the Ducker (level 4, -1/29 HPs)
             Began as a Fairy Archaeologist on Jan 25, 2021.
             Slain by an orc wizard
             ... wielding a +0 dagger
              (4 damage)
             ... on level 3 of the Dungeon.
             The game lasted 00:06:19 (2131 turns).

Anonimiaus the Ducker (Fairy Archaeologist)         Turns: 2131, Time: 00:06:19

Health: -1/29      AC: 11    Str: 10    XL:     4   Next: 61%
Magic:  9/9        EV: 17    Int: 18    God:
Gold:   141        SH:  4    Dex: 10    Spells: 7/7 levels left

rFire    . . .     SeeInvis .   s - staff of earth
rCold    . . .     Gourm    .   (shield currently unavailable)
rNeg     . . .     Faith    .   (armour unavailable)
rPois    .         Spirit   .   c - +1 hat
rElec    .         Reflect  .   (no cloak)
rCorr    .         Harm     .   (no gloves)
MR       .....                  a - +2 pair of boots
Stlth    +.........             (no amulet)
HPRegen  0.09/turn              (no ring)
MPRegen  0.11/turn              (no ring)

@: flying evasively
A: small, magic attunement, unstealthy, unfitting armour, able to fly, AC/SH +4
a: Stop Flying


You were on level 3 of the Dungeon.
You were hungry.

You visited 1 branch of the dungeon, and saw 3 of its levels.

You collected 141 gold pieces.

Inventory:

Hand Weapons
 b - a +0 blowgun
 j - a +0 short sword
 o - a +0 hunting sling
Missiles
 h - 6 curare-tipped needles
 i - 94 poisoned needles
 m - 387 sling bullets
Armour
 a - a +2 pair of boots (worn)
 c - a +1 hat (worn)
 d - a +1 pair of boots
Magical Staves
 s - an uncursed staff of earth (weapon)
Jewellery
 u - an uncursed ring of ice {unknown}
Scrolls
 f - a scroll of magic mapping
 k - 3 scrolls of identify
 p - a scroll of noise {unknown}
 t - 2 scrolls of enchant armour {unknown}
Potions
 l - a potion of mutation {unknown}
 n - 2 potions of ambrosia {unknown}
 r - 2 potions of curing {unknown}
 v - a potion of haste {unknown}
Miscellaneous
 g - a dusty tome
Comestibles
 e - 6 rations {!d}


   Skills:
 + Level 2.1 Fighting
 - Level 1.7 Short Blades
   Level 0.7 Maces & Flails
 - Level 4.1 Dodging
 - Level 2.4 Stealth
 - Level 2.0 Spellcasting
 + Level 2.0 Evocations


You had 7 spell levels left.
You didn't know any spells.
Your spell library was empty.

Dungeon Overview and Level Annotations

Branches:
Dungeon (3/12)

Altars:

Annotations:
D:1 Terence


Innate Abilities, Weirdness & Mutations

Your spells do not cause hunger and MP costs are reduced by 1.
Your bright wings attract enemies. (Stealth-)
You cannot fit into any form of body armour.
Your shimmering scales are hard and can block incoming attacks. (AC +4, SH +4)
You are small and have problems with some larger weapons.
You can fly continuously.


Message History

You hit something.
Something hits you but does no damage. x2
You miss something.
You hear some strange, mumbled words.
A puff of flame appears from out of thin air!
The puff of flame hits you!
Ouch! That really hurt!
* * * LOW HITPOINT WARNING * * *
You hear some strange, mumbled words.
A puff of flame appears from out of thin air!
The puff of flame hits you but does no damage.
You hit something. Something hits you but does no damage.
Something barely misses you.
You hear some strange, mumbled words.
A puff of flame appears from out of thin air!
The puff of flame misses you.
Okay, then.
Okay, then.
Something hits you but does no damage. Something hits you.
You die...

.......<.......#
#.....#..o....
...............#
###....#.......
...............#
#.'...oo.......
...............#
#)#....#.......
####..#...###.##
#o#....####'###
#..#..>....#
#.#....# #
#..######..#
#.#....# #..
#..#####.#....#
#.
#..#.@.o.#...^#
#..#.#####....#
#..#.# #.†#.#
#.######..#.#
#.........#.#
#########.#.#
#.#.# #.#.#


You could see an orc.

Vanquished Creatures
  An adder (D:2)
  6 worms
  2 dart slugs
  5 leopard geckos
  An orc (D:3)
  3 giant cockroaches
  7 goblins
  6 hobgoblins
  3 jackals (D:2)
  5 kobolds
  2 ball pythons (D:1)
  7 bats
  3 frilled lizards
  5 rats (D:1)
56 creatures vanquished.

Notes
Turn   | Place    | Note
-------+----------+-------------------------------------------
     0 | D:1      | Anonimiaus the Fairy Archaeologist began the quest for the
                  | Orb.
     0 | D:1      | Reached XP level 1. HP: 12/12 MP: 3/3
   170 | D:1      | Reached skill level 1 in Spellcasting
   178 | D:1      | Reached XP level 2. HP: 11/18 MP: 3/5
   281 | D:1      | Reached skill level 1 in Fighting
   351 | D:1      | Reached skill level 1 in Short Blades
   489 | D:1      | Reached XP level 3. HP: 23/23 MP: 7/7
   910 | D:2      | Noticed Terence
  1308 | D:2      | Reached skill level 1 in Evocations
  1455 | D:2      | Reached XP level 4. HP: 29/29 MP: 9/9
  2131 | D:3      | Slain by an orc wizard

Skill      XL: |  1  2  3  4 |
---------------+-------------+-----
Spellcasting   | 1 2 |  2.0
Fighting       | 1 2 |  2.1
Short Blades   | 1 |  1.7
Evocations     | 1 2 |  2.0
Maces & Flails | |  0.7
Dodging        | |  4.1
Stealth        | |  2.4

Action                   |  1- 3 |  4- 6 || total
-------------------------+-------+-------++-------
Melee: Short sword       |   120 |       ||   120
       Whip              |     7 |       ||     7
       Staff             |    20 |   123 ||   143
 Fire: Hunting sling     |    66 |       ||    66
  Eat: Chunk             |     7 |     6 ||    13
Armor: Skin              |    31 |    40 ||    71
Dodge: Dodged            |   120 |    79 ||   199
Block: Other             |    35 |    23 ||    58
